 Dungeon Crawl Stone Soup version 0.31-a0-640-g39d97e502b (webtiles) character file.

Game seed: 7647112549154001075

184 qw the Shooter (level 5, -3/33 HPs)
             Began as a Gargoyle Hunter on Aug 27, 2023.
             Killed by divine providence
             ... invoked by an orc priest
              (13 damage)
             ... on level 4 of the Dungeon.
             The game lasted 00:00:54 (1781 turns).

qw the Shooter (Gargoyle Hunter)                    Turns: 1781, Time: 00:00:54

Health: -3/33      AC: 10    Str: 12    XL:     5   Next: 63%
Magic:  5/5        EV: 10    Int: 10    God:
Gold:   124        SH:  0    Dex: 15    Spells: 4/4 levels left

rFire   + . .        Y - +0 shortbow
rCold   . . .        (shield currently unavailable)
rNeg    + . .        b - +0 ring mail
rPois   inf          (no helmet)
rElec   +            e - +0 cloak
rCorr   .            (no gloves)
SInv    .            (no boots)
Will    .....        (no amulet)
Stlth   +            (no ring)
HPRegen 0.25/turn    (no ring)
MPRegen 0.09/turn

%: no passive effects
@: no status effects
A: sickness immunity, AC +4, negative energy resistance 1, electricity
resistance, torment resistance 1, petrification resistance, hooves 1, fire
resistance 1, weak 1
a: no special abilities


You were on level 4 of the Dungeon.
You visited 1 branch of the dungeon, and saw 4 of its levels.

You collected 232 gold pieces.
You spent 108 gold pieces at shops.


Innate Abilities, Weirdness & Mutations

You are immune to sickness and miasma.
Your stone body is resilient. (AC +4)
You are immune to poison.
You resist negative energy. (rN+)
You are resistant to electric shocks. (rElec)
You are resistant to unholy torment.
You are immune to petrification.
You have large cloven feet.
Your flesh is heat resistant. (rF+)
You are weak. (Str -2)


   Skills:
 + Level 3.6 Fighting
 - Level 6.0 Ranged Weapons
 - Level 1.0 Armour
 - Level 1.5 Dodging
 - Level 1.1 Stealth


You had 4 spell levels left.
You didn't know any spells.
Your spell library was empty.

Inventory:

Hand Weapons
 Y - a +0 shortbow (weapon)
Armour
 b - a +0 ring mail (worn)
 e - a +0 cloak (worn)
Scrolls
 a - 3 scrolls of poison {unknown}
 d - a scroll of identify
Potions
 f - 2 potions of mutation
 j - a potion of attraction {unknown}
 k - a potion of heal wounds
 l - a potion of might

Dungeon Overview and Level Annotations

Branches:
Dungeon (4/15)
 Temple: D:4-7

Altars:

Shops:
D:3 !

Annotations:
D:4 Blork the orc


Message History

A sleepcap comes into view.
You shoot an arrow. The arrow hits the orc!
You kill the orc!
You shoot an arrow. The arrow hits the orc wizard.
The orc wizard is severely wounded.
The orc wizard casts a spell at you. You resist with some effort.
You shoot an arrow. The arrow hits the orc wizard.
You kill the orc wizard!
You shoot an arrow. The arrow hits Blork the orc.
Blork the orc is moderately wounded.
A hound comes into view.
Blork the orc grins evilly.
The orc priest looks braver for a moment.
An orc wizard comes into view.
It is wielding a +2 dagger of electrocution.
The orc wizard shouts!
You shoot an arrow. The arrow hits Blork the orc.
Blork the orc is moderately wounded.
Blork the orc hits you with a +2 war axe of venom.
The orc wizard casts a spell.
The orc wizard flickers and vanishes!
Deactivating autopickup; reactivate with Ctrl-A.
The orc priest mumbles some strange prayers to Beogh against you.
Beogh smites you!
You shoot an arrow. The arrow barely misses Blork the orc.
The arrow hits the sleepcap.
The sleepcap is lightly damaged.
A jackal comes into view.
Blork the orc hits you with a +2 war axe of venom!
You shoot an arrow. The arrow barely misses Blork the orc.
The jackal barks!
The arrow hits the sleepcap.
The sleepcap is moderately damaged.
Blork the orc barely misses you.
You shoot an arrow. The arrow hits Blork the orc.
Blork the orc is moderately wounded.
Blork the orc hits you with a +2 war axe of venom.
The orc priest invokes the aid of Beogh against you.
Beogh smites you!
You die...

### .. ########...
#######....%.....
#.........####.#.#
#.#####.#.# #.#.##.
#####.......#.###.......
...#.#######..@ofh.....
#.#.###########o.#.##.
#.........# ..#
#...#####.# ..h. #.#.#
.##.# #.#.# o. ... #.#.#
.o #.# #.#.# [o .#
.###...#####


You could see Blork the orc, a sleepcap, a hound, an orc priest and a jackal.

Vanquished Creatures
  Jessica (D:3)
  Terence (D:2)
  An orc wizard (D:4)
  3 adders
  3 worms
  2 dart slugs
  3 orcs
  5 bats
  3 endoplasms
  3 giant cockroaches
  7 goblins
  7 hobgoblins
  A jackal (D:4)
  5 quokkas (D:1)
  8 ball pythons
  3 frilled lizards
  3 kobolds
  6 rats
65 creatures vanquished.

Notes
Turn   | Place    | Note
-------+----------+-------------------------------------------
     0 | D:1      | qw the Gargoyle Hunter began the quest for the Orb.
     0 | D:1      | Reached XP level 1. HP: 12/12 MP: 1/1
     0 | D:1      | 0 ||| qw: Version: 0.3-a-74-g0d5e918
     0 | D:1      | 0 ||| qw: Game counter: 65
     0 | D:1      | 0 ||| qw: Melee chars always use a shield: true
     0 | D:1      | 0 ||| qw: God list: Okawaru
     0 | D:1      | 0 ||| qw: Allow faded altars: false
     0 | D:1      | 0 ||| qw: Do Orc after clearing Dungeon:15 true
     0 | D:1      | 0 ||| qw: Do second Lair branch before Depths: true
     0 | D:1      | 0 ||| qw: Lair rune preference: random
     0 | D:1      | 0 ||| qw: Goals: Normal
     0 | D:1      | 0 ||| PLANNING D:1-11
   173 | D:1      | Reached XP level 2. HP: 17/17 MP: 2/2
   616 | D:1      | Reached XP level 3. HP: 20/21 MP: 3/3
   700 | D:1      | 700 ||| READING scroll labelled CULUSMYTACW.
   701 | D:1      | 701 ||| READING scroll labelled BESI JAUGG.
   702 | D:1      | 702 ||| DRINKING 2 sedimented yellow potions.
   702 | D:1      | Gained mutation: Your muscles are strong. (Str +4, Int/Dex
                  | -1) [potion of mutation]
   702 | D:1      | Gained mutation: You occasionally lose the ability to read
                  | scrolls when taking damage. [potion of mutation]
   703 | D:1      | 703 ||| DRINKING potion of mutation.
   703 | D:1      | Lost mutation: You occasionally lose the ability to read
                  | scrolls when taking damage. [potion of mutation]
   703 | D:1      | Lost mutation: Your muscles are strong. (Str +4, Int/Dex
                  | -1) [potion of mutation]
   703 | D:1      | Gained mutation: You have large cloven feet. [potion of
                  | mutation]
   703 | D:1      | Gained mutation: You are weak. (Str -2) [potion of
                  | mutation]
   703 | D:1      | Gained mutation: Your flesh is heat resistant. (rF+)
                  | [potion of mutation]
   704 | D:1      | 704 ||| DROPPING scroll of butterflies.
   741 | D:2      | 741 ||| STAIRDANCE
   749 | D:1      | Reached skill level 5 in Ranged Weapons
  1021 | D:2      | Reached skill level 3 in Fighting
  1192 | D:2      | 1192 ||| UPGRADING to +0 cloak.
  1197 | D:2      | 1197 ||| READING scroll labelled POAMINEMYI.
  1198 | D:2      | 1198 ||| READING 2 scrolls of identify.
  1198 | D:2      | 1198 ||| IDENTIFYING bubbling puce potion
  1199 | D:2      | 1199 ||| DROPPING potion of lignification.
  1216 | D:3      | Noticed Terence
  1223 | D:3      | 1223 ||| STAIRDANCE
  1235 | D:2      | Killed Terence
  1236 | D:2      | Reached XP level 4. HP: 20/28 MP: 4/4
  1297 | D:3      | Noticed Jessica
  1302 | D:3      | Killed Jessica
  1306 | D:3      | Reached XP level 5. HP: 32/32 MP: 5/5
  1310 | D:3      | Found a faded altar of an unknown god.
  1372 | D:3      | Reached skill level 6 in Ranged Weapons
  1382 | D:3      | Identified the +8 dagger of the Spheres {holy, rElec rF+
                  | MP-9}
  1477 | D:3      | Reached skill level 1 in Armour
  1534 | D:3      | Found Zihoism's Distillery.
  1554 | D:3      | 1554 ||| BUYING potion of heal wounds (60 gold).
  1554 | D:3      | Bought a potion of heal wounds for 60 gold pieces
  1554 | D:3      | 1554 ||| BUYING potion of might (48 gold).
  1554 | D:3      | Bought a potion of might for 48 gold pieces
  1554 | D:3      | 1554 ||| SHOPLISTING potion of mutation (96 gold, have 78).
  1623 | D:3      | 1623 ||| UPGRADING to +0 ring mail.
  1633 | D:3      | 1633 ||| DROPPING +0 leather armour.
  1634 | D:3      | 1634 ||| DROPPING +6 ring of intelligence.
  1635 | D:3      | 1635 ||| READING scroll labelled XAHAIX KERPH.
  1636 | D:3      | 1636 ||| READING scroll labelled AVUEGU DUTEPP.
  1640 | D:3      | 1640 ||| READING 2 scrolls of identify.
  1640 | D:3      | 1640 ||| IDENTIFYING metallic white potion
  1641 | D:3      | 1641 ||| DROPPING potion of berserk rage.
  1770 | D:4      | Noticed Blork the orc
  1771 | D:4      | 1771 ||| RETREATING.
  1781 | D:4      | Killed from afar by an orc priest

Levels and vault maps discovered:
D:1:      dpeg_arrival_solitude, layout_rooms, minmay_misc_feat_encased
D:2:      layout_rooms
D:3:      layout_rooms, serial_shops, shop_coins,
          hellmonk_ecumenical_altar_blasted, uniq_terence, uniq_jessica
D:4:      layout_loops_ring, uniq_blork_the_orc, uniq_pargi

Skill      XL: |  1  2  3  4  5 |
---------------+----------------+-----
Ranged Weapons | 5 6 |  6.0
Fighting       | 3 |  3.6
Armour         | 1 |  1.0
Dodging        | |  1.5
Stealth        | |  1.1

Action                     |  1- 3 |  4- 6 || total
---------------------------+-------+-------++-------
   Fire: Shortbow          |   133 |    80 ||   213
    Use: Scroll            |     4 |     3 ||     7
         Potion            |     2 |       ||     2
 Armour: Leather armour    |    24 |     6 ||    30
         Ring mail         |       |     3 ||     3
  Dodge: Dodged            |    39 |     9 ||    48

Table legend:
 A = Non-vault XP
 B = Vault XP
 C = Vault XP percentage of total XP
 D = Non-vault monster count
 E = Vault monster count
 F = Vault count percentage of total count
                 A         B        C        D         E       F
            +---------+---------+-------+---------+---------+-------
      Total |     190 |      73 |  27.8 |      63 |       2 |   3.1
            +---------+---------+-------+---------+---------+-------
        D:1 |      39 |       0 |   0.0 |      22 |       0 |   0.0
        D:2 |      42 |      36 |  46.2 |      17 |       1 |   5.6
        D:3 |      64 |      37 |  36.6 |      18 |       1 |   5.3
        D:4 |      45 |       0 |   0.0 |       6 |       0 |   0.0
            +---------+---------+-------+---------+---------+-------
